 Dungeon Crawl Stone Soup version 0.24.0-13-gcf9b319 (webtiles) character file.

Game seed: 3936966325386572826, levelgen mode: deterministic

273 sweetbreads the Digger (level 6, 0/32 HPs)
             Began as a Gargoyle Earth Elementalist on Apr 7, 2020.
             Slain by a worker ant (3 damage)
             ... on level 3 of the Dungeon.
             The game lasted 00:16:05 (3540 turns).

sweetbreads the Digger (GrEE)                       Turns: 3540, Time: 00:16:05

Health: 0/32       AC:  9    Str: 11    XL:     6   Next: 24%
Magic:  0/12       EV: 12    Int: 18    God:
Gold:   230        SH:  0    Dex:  7    Spells: 4/13 levels left

rFire    . . .     SeeInvis .   a - +0 morningstar
rCold    . . .     Gourm    .   (no shield)
rNeg     + . .     Faith    .   c - +0 robe
rPois    ∞         Spirit   .   (no helmet)
rElec    +         Reflect  .   (no cloak)
rCorr    .         Harm     .   (no gloves)
MR       .....                  x - +2 pair of boots
Stlth    +.........             n - amulet of inaccuracy (curse)
HPRegen  0.10/turn              i - ring of attention (curse)
MPRegen  0.13/turn              t - -3 ring of dexterity (curse)

@: very slightly contaminated
A: negative energy resistance 1, electricity resistance, unbreathing,
petrification resistance, rot immunity, AC +4
a: no special abilities


You were on level 3 of the Dungeon.
You were very hungry.

You visited 1 branch of the dungeon, and saw 4 of its levels.

You collected 230 gold pieces.

Inventory:

Hand Weapons
 a - a +0 morningstar (weapon)
 k - a +0 flail
 s - a +2 vampiric spear
 u - a +0 whip
 B - a +0 club
Missiles
 b - 129 stones (quivered)
Armour
 c - a +0 robe (worn)
 x - a +2 pair of boots (worn)
Jewellery
 i - a cursed ring of attention (left hand)
 l - an uncursed ring of resist corrosion
 n - a cursed amulet of inaccuracy (around neck)
 t - a cursed -3 ring of dexterity (right hand)
Wands
 C - a wand of disintegration (10)
Scrolls
 g - 2 scrolls of fear
 q - 5 scrolls of identify
Potions
 e - 2 potions of magic
 f - a potion of degeneration {unknown}
 h - a potion of agility {unknown}
 j - 2 potions of lignification {unknown}
 o - 2 potions of heal wounds {unknown}
 p - a potion of curing {unknown}
 r - a potion of mutation {unknown}
 w - a potion of ambrosia {unknown}
 z - a potion of might {unknown}
Comestibles
 d - 8 rations


   Skills:
 + Level 1.2 Maces & Flails
 - Level 1.5 Dodging
 - Level 2.1 Stealth
 - Level 4.0 Spellcasting
 + Level 1.7 Conjurations
   Level 0.7 Transmutations
 + Level 6.0 Earth Magic


You had 4 spell levels left.
You knew the following spells:

 Your Spells              Type           Power        Failure   Level  Hunger
a - Sandblast             Erth           ####..       1%          1    None
b - Stone Arrow           Conj/Erth      ###...       9%          3    ###....
c - Lee's Rapid Deconstr  Erth           ####......   34%         5    ######.

Your spell library contained the following spells:

 Spells                   Type           Power        Failure   Level  Hunger
 Passwall                 Tmut/Erth      ###.....     5%          2    ##.....
 Petrify                  Tmut/Erth      ###.....     36%         4    ####...


Dungeon Overview and Level Annotations

Branches:
Dungeon (4/15)
 Temple: D:4-7

Altars:
Fedhas
Yredelemnul


Innate Abilities, Weirdness & Mutations

You are resistant to torment.
Your stone body is resilient. (AC +4)
You are immune to poison.
You resist negative energy. (rN+)
You are resistant to electric shocks. (rElec)
You can survive without breathing.
You are immune to petrification.
You are immune to rotting.


Message History

The blast of sand hits the worker ant but does no damage.
The worker ant is severely wounded.
b - 130 stones The worker ant bites you.
* * * LOW HITPOINT WARNING * * *
Casting: Sandblast (safe; 1% risk of failure)
Confirm with . or Enter, or press ? or * to list all spells.
You don't have enough magic to cast that spell.
The worker ant bites you but does no damage.
Casting: Sandblast (safe; 1% risk of failure)
Confirm with . or Enter, or press ? or * to list all spells.
Aiming: Sandblast (safe; 1% risk of failure)
Press: ? - help, Shift-Dir - straight line, f/p - worker ant
Aim: a worker ant (severely wounded)
The blast of sand misses the worker ant.
b - 129 stones The worker ant bites you.
* * * LOW HITPOINT WARNING * * *
The worker ant bites you.
You die...

..###.# #.# .## #.#
#.# ## #.# #.. #
#.# ### #.#
#####.## .#.....#
.#.##.>############
......[.)......a@.#
##########
.#.#...##########.#
#......<.#
.#......# #.#
#.######.#
.#.....## #.#
#.######.# #####.##
#.# #.##...... #.#
#.# #.##.###.# #.#
#.# #.##.# #.#
##'## #.#
#.##.###.# ##...##
#.# #....)...#


You could see a worker ant.

Vanquished Creatures
  An orc wizard (D:3)
  A worker ant (D:2)
  7 gnolls
  4 adders
  An ooze (D:1)
  3 worms
  3 dart slugs
  A leopard gecko (D:1)
  8 orcs
  9 bats
  5 giant cockroaches
  9 goblins
  15 hobgoblins
  4 jackals (D:3)
  3 frilled lizards
  9 kobolds
  8 rats
  A spectral orc (D:3)
92 creatures vanquished.

Notes
Turn   | Place    | Note
-------+----------+-------------------------------------------
     0 | D:1      | sweetbreads the Gargoyle Earth Elementalist began the quest
                  | for the Orb.
     0 | D:1      | Reached XP level 1. HP: 10/10 MP: 3/3
   147 | D:2      | Reached skill level 4 in Earth Magic
   147 | D:2      | Reached XP level 2. HP: 11/15 MP: 0/5
   342 | D:1      | Reached XP level 3. HP: 15/19 MP: 4/6
   412 | D:1      | Learned a level 3 spell: Stone Arrow
   709 | D:2      | Reached XP level 4. HP: 24/24 MP: 1/8
  1082 | D:2      | Reached skill level 5 in Earth Magic
  1586 | D:2      | Reached XP level 5. HP: 24/28 MP: 0/10
  1986 | D:3      | Found a basalt altar of Yredelemnul.
  2075 | D:3      | Learned a level 5 spell: Lee's Rapid Deconstruction
  2252 | D:3      | Found a blossoming altar of Fedhas.
  2828 | D:4      | Reached skill level 1 in Conjurations
  3089 | D:3      | Reached XP level 6. HP: 11/32 MP: 0/12
  3329 | D:4      | Reached skill level 1 in Maces & Flails
  3443 | D:4      | Reached skill level 6 in Earth Magic
  3540 | D:3      | Slain by a worker ant

Levels and vault maps discovered:
D:1:      dpeg_arrival_simpleton_a, layout_loops_ring, minmay_tromino_v4_c
D:2:      kennysheep_six_static_rooms, layout_rooms, first_ration,
          minmay_close_crescents
D:3:      layout_loops_corners, yredelemnul_forgotten_temple_becter,
          fedhas_altar_2
D:4:      layout_basic, grunt_temple_overflow_forces_of_nature,
          nicolae_overflow_crystal_walls, kennysheep_little_box, st_stairs_13,
          uniq_eustachio

Skill      XL: |  1  2  3  4  5  6 |
---------------+-------------------+-----
Earth Magic    | 4 5 6 |  6.0
Spellcasting   | 3 4 |  4.0
Conjurations   | 1 |  1.7
Maces & Flails | 1 |  1.2
Dodging        | |  1.5
Stealth        | |  2.1
Transmutations | |  0.7

Action                   |  1- 3 |  4- 6 || total
-------------------------+-------+-------++-------
Melee: Unarmed           |    12 |       ||    12
       Club              |    19 |   128 ||   147
       Morningstar       |       |    90 ||    90
 Cast: Sandblast         |    34 |    24 ||    58
       Stone Arrow       |     1 |    48 ||    49
  Use: Scroll            |       |     7 ||     7
 Stab: Sleeping          |     1 |     2 ||     3
  Eat: Chunk             |       |    13 ||    13
Armor: Robe              |    11 |   120 ||   131
Dodge: Dodged            |    26 |   217 ||   243
